[Event "Marshall CC U2400 October 2024"]
[Site "New York"]
[Date "2024.10.19"]
[Round "1.1"]
[White "Sarkar, Justin"]
[Black "Zhao, Austin"]
[Result "1-0"]
[ECO "D31"]
[WhiteElo "2275"]
[BlackElo "1756"]
[Annotator "RC"]
[PlyCount "75"]
[EventDate "2024.04.20"]
[EventType "swiss"]
[EventCountry "USA"]
[SourceTitle "playchess.com"]
[Source "ChessBase"]
[SourceQuality "1"]
[TimeControl "5400+30"]

1. d4 d5 2. c4 e6 3. Nc3 c6 4. Nf3 dxc4 5. a4 Bb4 6. e3 b5 7. Bd2 a5 8. axb5 Bxc3 9. Bxc3 cxb5 10. b3 Bb7 11. Bb2 Nf6 12. bxc4 b4 13. Bd3 O-O 14. O-O Nbd7 15. Nd2 Nc5 16. Bc2 Nce4 17. Nxe4 Bxe4 18. Ba4 Qc7 19. d5 Bf5 20. Bc6 Ra6 21. Bb5 Raa8 22. d6 Qb6 23. Qd4 Rfb8 24. Qxb6 Rxb6 25. Rfd1 Rxb5 26. cxb5 Nd7 27. e4 Bxe4 28. Rdc1 Kf8 29. Rxa5 Rd8 30. Ra7 f6 31. Rcc7 Ne5 32. f3 Bg6 33. b6 Be8 34. Bxe5 fxe5 35. d7 Bg6 36. Rc8 Ke7 37. Rxd8 Kxd8 38. b7 1-0

[Event "Marshall CC U2400 October 2024"]
[Site "New York"]
[Date "2024.10.19"]
[Round "1.2"]
[White "Malhotra, Rishan"]
[Black "Paragua, Megan Althea"]
[Result "0-1"]
[ECO "D59"]
[WhiteElo "1718"]
[BlackElo "2190"]
[Annotator "RC"]
[PlyCount "90"]
[EventDate "2024.04.20"]
[EventType "swiss"]
[EventCountry "USA"]
[SourceTitle "playchess.com"]
[Source "ChessBase"]
[SourceQuality "1"]
[TimeControl "5400+30"]

1. Nf3 Nf6 2. d4 e6 3. c4 d5 4. Nc3 Be7 5. Bg5 O-O 6. e3 h6 7. Bh4 b6 8. cxd5 Nxd5 9. Bg3 Bb7 10. Bd3 c5 11. O-O Nc6 12. Rc1 cxd4 13. exd4 Nxc3 14. bxc3 Qd5 15. c4 Qh5 16. d5 Nb4 17. d6 Bf6 18. Be2 Qa5 19. Qb3 Bc6 20. a3 Na6 21. Bf4 Rfd8 22. Rfe1 Rac8 23. Bf1 Qf5 24. Bg3 Nc5 25. Qb1 Be4 26. Qb5 Bxf3 27. gxf3 Bd4 28. Qb1 Qxf3 29. Rcd1 Qf6 30. Bh3 Rd7 31. Qb5 Rcd8 32. Bg2 Rxd6 33. Bxd6 Bxf2+ 34. Kh1 Bxe1 35. Be5 Rxd1 36. Qe8+ Kh7 37. Bxf6 Bc3+ 38. Bf1 Rxf1+ 39. Kg2 Rxf6 40. Qa8 a5 41. Qc6 e5 42. Qb5 e4 43. Qb1 g6 44. a4 e3 45. h4 e2 0-1

[Event "Marshall CC U2400 October 2024"]
[Site "New York"]
[Date "2024.10.19"]
[Round "1.3"]
[White "Das, Aditeya"]
[Black "Mehta, Naman"]
[Result "1-0"]
[ECO "C54"]
[WhiteElo "1961"]
[BlackElo "1677"]
[Annotator "RC"]
[PlyCount "111"]
[EventDate "2024.04.20"]
[EventType "swiss"]
[EventCountry "USA"]
[SourceTitle "playchess.com"]
[Source "ChessBase"]
[SourceQuality "1"]
[TimeControl "5400+30"]

1. e4 e5 2. Nf3 Nc6 3. Bc4 Bc5 4. c3 Nf6 5. d3 h6 6. O-O d6 7. a4 a6 8. Be3 Bxe3 9. fxe3 O-O 10. Nbd2 Qe7 11. d4 Nb8 12. Qe1 c6 13. Bd3 Re8 14. h3 Nbd7 15. Nh4 Nf8 16. Qg3 N8h7 17. Nf5 Bxf5 18. Rxf5 Rad8 19. a5 Qe6 20. Raf1 Kh8 21. Bc4 Qe7 22. Qh4 Kg8 23. Bd3 Rd7 24. Qg3 Kh8 25. h4 Nf8 26. Bc2 Rc7 27. Nc4 N8d7 28. b3 Qe6 29. h5 Kh7 30. Qh4 Rf8 31. R1f3 Kh8 32. Qf2 Rcc8 33. Qf1 Rce8 34. Nd2 d5 35. exd5 Qxd5 36. Nc4 Kg8 37. e4 Qe6 38. Nxe5 Nxe5 39. Rxe5 Qd7 40. Rxe8 Rxe8 41. e5 Nd5 42. Qd3 Kf8 43. Qd2 Kg8 44. Rg3 Qe6 45. Qd3 f5 46. Qxf5 Qxf5 47. Bxf5 Nf4 48. Rf3 Ne2+ 49. Kf2 Nc1 50. b4 Nb3 51. Ke2 b6 52. Bg6 Re7 53. axb6 a5 54. Bf7+ Kf8 55. Bxb3+ Ke8 56. bxa5 1-0

[Event "Marshall CC U2400 October 2024"]
[Site "New York"]
[Date "2024.10.19"]
[Round "1.4"]
[White "Kashyap, Manish B"]
[Black "Knowles, Chase"]
[Result "0-1"]
[ECO "B09"]
[WhiteElo "1650"]
[BlackElo "1966"]
[Annotator "RC"]
[PlyCount "120"]
[EventDate "2024.04.20"]
[EventType "swiss"]
[EventCountry "USA"]
[SourceTitle "playchess.com"]
[Source "ChessBase"]
[SourceQuality "1"]
[TimeControl "5400+30"]

1. e4 g6 2. d4 Bg7 3. f4 d6 4. Nf3 Nf6 5. Nc3 c5 6. dxc5 Qa5 7. Bb5+ Bd7 8. Bxd7+ Nbxd7 9. O-O Qxc5+ 10. Kh1 Ng4 11. Qe2 Rc8 12. h3 Bxc3 13. bxc3 Ngf6 14. e5 Nh5 15. Kh2 dxe5 16. fxe5 Qxc3 17. e6 Qc7+ 18. Kg1 Qb6+ 19. Be3 Qxe6 20. Ng5 Qc4 21. Qxc4 Rxc4 22. Nxf7 Rf8 23. Rad1 Rxc2 24. Bxa7 Rxa2 25. Rc1 e6 26. Rc8+ Ke7 27. Bc5+ Nxc5 28. Rxc5 Rd2 29. Rc7+ Rd7 30. Rxd7+ Kxd7 31. Ne5+ Ke7 32. Rb1 Kd6 33. Nc4+ Kc7 34. Na5 Rb8 35. Rf1 b6 36. Rf7+ Kd6 37. Nb3 b5 38. Kf2 Rc8 39. Nd4 b4 40. g4 e5 41. Ne2 Nf4 42. Nxf4 exf4 43. Rb7 Kc5 44. h4 h6 45. g5 hxg5 46. hxg5 Rf8 47. Kf3 Rf5 48. Ra7 Kc4 49. Rc7+ Kb3 50. Rb7 Kc3 51. Rc7+ Kb2 52. Rc6 Rxg5 53. Kxf4 Rg1 54. Rb6 b3 55. Kf3 Kc2 56. Rc6+ Kb1 57. Ke2 Rg2+ 58. Kd3 b2 59. Rb6 Rg4 60. Kc3 Kc1 0-1

[Event "Marshall CC U2400 October 2024"]
[Site "New York"]
[Date "2024.10.19"]
[Round "1.5"]
[White "Gutnik, Aleksandr"]
[Black "Singh, Ian Avery"]
[Result "1-0"]
[ECO "B51"]
[WhiteElo "1944"]
[BlackElo "1715"]
[Annotator "RC"]
[PlyCount "99"]
[EventDate "2024.04.20"]
[EventType "swiss"]
[EventCountry "USA"]
[SourceTitle "playchess.com"]
[Source "ChessBase"]
[SourceQuality "1"]
[TimeControl "5400+30"]

1. e4 c5 2. Nf3 d6 3. Bb5+ Nd7 4. O-O a6 5. Be2 Ngf6 6. d3 e6 7. Re1 Be7 8. Bf1 b5 9. a4 Bb7 10. Nbd2 O-O 11. b3 Qc7 12. Bb2 Ng4 13. h3 Nge5 14. axb5 axb5 15. Qe2 Bf6 16. Nxe5 Nxe5 17. c3 c4 18. dxc4 bxc4 19. Nxc4 Nxc4 20. Qxc4 Qb6 21. Qb5 Qxb5 22. Bxb5 Rfc8 23. Rxa8 Rxa8 24. f3 Ra2 25. Re2 Ba6 26. Bxa6 Rxa6 27. Kf2 Rb6 28. b4 Rc6 29. Rc2 Kf8 30. Ke2 Ke7 31. Kd3 Kd7 32. Bc1 Ra6 33. Kc4 Rc6+ 34. Kb3 Kc7 35. b5 Rc5 36. c4 Kb7 37. Ba3 Bd4 38. Rd2 e5 39. Bxc5 Bxc5 40. Ra2 Bd4 41. g3 Bc5 42. f4 Bd4 43. Rd2 Kb6 44. fxe5 dxe5 45. Rxd4 exd4 46. Kb4 g6 47. c5+ Kc7 48. Kc4 f5 49. exf5 gxf5 50. Kxd4 1-0

[Event "Marshall CC U2400 October 2024"]
[Site "New York"]
[Date "2024.10.19"]
[Round "1.6"]
[White "Xiang, Grayson"]
[Black "Larsen, Jeremy"]
[Result "0-1"]
[ECO "B08"]
[WhiteElo "1625"]
[BlackElo "1933"]
[Annotator "RC"]
[PlyCount "94"]
[EventDate "2024.04.20"]
[EventType "swiss"]
[EventCountry "USA"]
[SourceTitle "playchess.com"]
[Source "ChessBase"]
[SourceQuality "1"]
[TimeControl "5400+30"]

1. e4 d6 2. d4 Nf6 3. Nc3 g6 4. Nf3 Bg7 5. Be2 O-O 6. O-O Bg4 7. h3 Bxf3 8. Bxf3 Nc6 9. Be3 e5 10. d5 Ne7 11. Be2 c6 12. Qd2 cxd5 13. exd5 Qa5 14. Rad1 Nf5 15. Bg5 Nd4 16. Bxf6 Bxf6 17. Ne4 Nxe2+ 18. Qxe2 Be7 19. c4 f5 20. Nc3 Rac8 21. a3 Qc5 22. b3 Qxa3 23. Qc2 a6 24. Ra1 Qb4 25. Ra4 Qb6 26. Na2 Bf6 27. Rb4 Qc7 28. Qd2 Rf7 29. Rc1 Qa5 30. Qe2 b5 31. Kh2 e4 32. g3 Rc5 33. Qd2 Be5 34. Kg2 f4 35. cxb5 Rxb5 36. Rc2 e3 37. Qe1 f3+ 38. Kh2 e2 39. Qd2 Kg7 40. h4 Rxb4 41. Nxb4 Rb7 42. Rc4 Qa1 43. Rc1 Qd4 44. Qe1 Qxh4+ 45. Kg1 Qh3 46. Rc7+ Rxc7 47. Qf1 exf1=R# 0-1

[Event "Marshall CC U2400 October 2024"]
[Site "New York"]
[Date "2024.10.19"]
[Round "1.7"]
[White "Berg, George"]
[Black "Han, Leqi"]
[Result "1-0"]
[ECO "B43"]
[WhiteElo "1962"]
[BlackElo "1681"]
[Annotator "RC"]
[PlyCount "49"]
[EventDate "2024.04.20"]
[EventType "swiss"]
[EventCountry "USA"]
[SourceTitle "playchess.com"]
[Source "ChessBase"]
[SourceQuality "1"]
[TimeControl "5400+30"]

1. e4 c5 2. Nf3 e6 3. d4 cxd4 4. Nxd4 a6 5. Nc3 Qc7 6. g3 b5 7. Bg2 Bb7 8. O-O d6 9. Re1 Nf6 10. a4 bxa4 11. Nd5 Nxd5 12. exd5 e5 13. f4 Nd7 14. Nc6 Bxc6 15. dxc6 Nc5 16. Qd5 O-O-O 17. Be3 Be7 18. Rxa4 g6 19. Bxc5 dxc5 20. Bh3+ f5 21. Qe6+ Kb8 22. Qb3+ Ka7 23. Rxa6+ Kxa6 24. Ra1+ Qa5 25. Qb7# 1-0

[Event "Marshall CC U2400 October 2024"]
[Site "New York"]
[Date "2024.10.19"]
[Round "1.8"]
[White "Raitzin, Misha"]
[Black "Wang, Connor Junda"]
[Result "1/2-1/2"]
[ECO "D00"]
[WhiteElo "1784"]
[BlackElo "1851"]
[Annotator "NA RC"]
[PlyCount "109"]
[EventDate "2024.04.20"]
[EventType "swiss"]
[EventCountry "USA"]
[SourceTitle "playchess.com"]
[Source "ChessBase"]
[SourceQuality "1"]
[TimeControl "5400+30"]

1. d4 d5 2. Bf4 c5 3. e4 dxe4 4. d5 Nf6 5. Nc3 a6 6. Qe2 {[%emt 0:02:44] D00: 1 d4 d5: Unusual lines.} Qb6 7. O-O-O Bf5 8. h3 h5 9. g3 (9. f3 $16 e3 10. Qxe3 (10. Bxe3 g6 $16)) 9... g6 10. Bg2 Bg7 11. f3 exf3 12. Nxf3 O-O 13. Qxe7 Nbd7 14. Rhe1 (14. Nh4 $15 Be4 15. Nxe4 (15. Bxe4 Rfe8 $11) 15... Nxe4 16. c3 (16. Qxe4 $2 {perishes.} Qxb2+ 17. Kd2 Qc3+ 18. Kc1 Rfe8 $19)) 14... Rfe8 15. Qd6 Ne4 16. Rxe4 Rxe4 17. Qxb6 Nxb6 18. Nxe4 Bxe4 19. Nh4 Bxg2 20. Nxg2 Rd8 21. Bc7 Rxd5 22. Bxb6 Bxb2+ 23. Kxb2 Rxd1 24. Bxc5 g5 25. h4 f6 26. Be3 Rd5 27. a4 Rf5 28. Bb6 Kf7 29. a5 Re5 30. Kc3 Ke6 31. Kd3 Rd5+ 32. Kc3 Rf5 33. Kc4 Rf3 34. Bc7 Kd7 35. Bb8 Kc8 36. Bd6 Kd7 37. Bb8 Rf5 38. Kb4 Ke6 39. c4 Kd7 40. Ne3 Rf3 41. Nd5 Kc8 42. Bd6 Kd7 43. Kc5 Rf5 44. Bb8 Kc8 {[%emt 0:00:16] [#]} 45. Bd6 $2 (45. Bf4 $1 $18 Kd7 46. Kb6) 45... Kd7 {[%emt 0:00:00] [#]} 46. Bb8 $2 (46. Bf4 $1 $18 Ke6 47. Kd4 Rxf4+ 48. gxf4 gxh4 49. Ke3) 46... Kc8 $18 47. Bc7 Rxd5+ 48. cxd5 Kxc7 49. d6+ Kd7 50. Kb6 gxh4 51. gxh4 f5 52. Kxb7 f4 53. Kxa6 f3 54. Kb7 f2 55. a6 1/2-1/2

[Event "Marshall CC U2400 October 2024"]
[Site "New York"]
[Date "2024.10.19"]
[Round "1.9"]
[White "Solomon, Ciprian"]
[Black "Wu, Darren P"]
[Result "1-0"]
[ECO "A11"]
[WhiteElo "1905"]
[BlackElo "1991"]
[Annotator "RC"]
[PlyCount "137"]
[EventDate "2024.04.20"]
[EventType "swiss"]
[EventCountry "USA"]
[SourceTitle "playchess.com"]
[Source "ChessBase"]
[SourceQuality "1"]
[TimeControl "5400+30"]

1. c4 c6 2. Nf3 d5 3. Qc2 Nf6 4. b3 Bg4 5. Ne5 Bh5 6. Bb2 e6 7. a3 Bd6 8. d3 O-O 9. h3 Qc7 10. Nf3 Nbd7 11. Nbd2 Rfe8 12. e3 e5 13. e4 dxe4 14. dxe4 Rad8 15. b4 c5 16. b5 Nf8 17. O-O-O Ne6 18. Bd3 Nd4 19. Qb1 Bf8 20. g4 Bg6 21. Nxd4 cxd4 22. f3 Nd7 23. Nb3 Nc5 24. Nxc5 Bxc5 25. Qc2 Qe7 26. h4 f6 27. Qb3 Rc8 28. Kb1 Bf7 29. Rhg1 Bb6 30. Rg2 Qc7 31. Rc1 Be6 32. g5 Qf7 33. gxf6 Qxf6 34. Rg5 Re7 35. Rcg1 Rf7 36. R1g3 Qe7 37. h5 Qc7 38. h6 g6 39. Rxg6+ hxg6 40. Rxg6+ Kh7 41. Rxe6 Rxf3 42. Qd1 Rcf8 43. Be2 R3f6 44. Rxf6 Rxf6 45. Bc1 Bc5 46. Bg4 Qd6 47. Bf5+ Rxf5 48. exf5 Bxa3 49. Qg1 Qb4+ 50. Ka2 Qxc4+ 51. Kxa3 Qc3+ 52. Ka2 Qc4+ 53. Ka1 Qa4+ 54. Kb1 Qxb5+ 55. Bb2 Qd3+ 56. Kc1 Qc4+ 57. Kd2 Qb4+ 58. Kd3 Qb3+ 59. Ke4 Qc2+ 60. Kxe5 Qc7+ 61. Ke4 Qc2+ 62. Kf4 Qd2+ 63. Kf3 Qd3+ 64. Kg4 Qe2+ 65. Kh4 Qe4+ 66. Qg4 Qe1+ 67. Kg5 Qd2+ 68. Kf6 Qxh6+ 69. Qg6+ 1-0

[Event "Marshall CC U2400 October 2024"]
[Site "New York"]
[Date "2024.10.19"]
[Round "1.10"]
[White "Yu, Dylan Fountain"]
[Black "Lu, Lucas"]
[Result "1-0"]
[ECO "B28"]
[WhiteElo "1841"]
[BlackElo "1871"]
[Annotator "NA RC"]
[PlyCount "67"]
[EventDate "2024.04.20"]
[EventType "swiss"]
[EventCountry "USA"]
[SourceTitle "playchess.com"]
[Source "ChessBase"]
[SourceQuality "1"]
[TimeControl "5400+30"]

1. e4 c5 2. d4 cxd4 3. Nf3 a6 4. Nxd4 Nf6 5. Bd3 e5 6. Nf3 Nc6 {[%emt 0:07:22] B28: Sicilian: 2 Nf3 a6 (O'Kelly Variation).} 7. Nc3 Bb4 8. O-O Bxc3 9. bxc3 O-O 10. Ng5 h6 11. Nh3 d5 12. exd5 Qxd5 13. f4 Bxh3 14. gxh3 e4 15. Be2 Qc5+ 16. Kh1 Qxc3 17. Rb1 Rad8 ({Finger weg von} 17... Qxh3 18. Rb3 Qf5 19. Bb2 $19) 18. Qe1 Qxc2 19. Rxb7 Nd4 20. Rb2 Qc6 21. Qg3 e3+ 22. Qg2 Qc3 23. Rb6 Nd5 24. Bb2 Qd2 25. Rg1 g5 26. Rxh6 f6 {[%emt 0:04:22] [#]} 27. Qe4 $1 Rd7 28. fxg5 f5 29. Qxd4 (29. Qe5 $142 Rh7 30. Qxd5+ Kg7 31. Qd7+ (31. Qxd4+ Qxd4 32. Bxd4+ Kf7 33. g6+ Ke6 34. g7+ Rf6 35. g8=Q+ Kd7 36. Rxh7+ Kc6 37. Rc1+ Kd6 38. Qd8+ Ke6 39. Re7#) (31. Qe5+ Kg8 32. Bc4+ Rff7 33. Qe8+ Kg7 34. Qxf7+ Kh8 35. Rxh7#) 31... Rf7 32. Rxh7+ (32. Qxd4+ Qxd4 33. Bxd4+ Kf8 $18) 32... Kxh7 33. Qxf7+ Kh8 34. Qf8+ Kh7 35. g6#) 29... Qxe2 30. Rh8+ Kf7 31. g6+ Ke8 32. Qe5+ Re7 33. Rxf8+ Kd7 34. Qxd5+ 1-0

[Event "Marshall CC U2400 October 2024"]
[Site "New York"]
[Date "2024.10.19"]
[Round "2.1"]
[White "Larsen, Jeremy"]
[Black "Sarkar, Justin"]
[Result "0-1"]
[ECO "A04"]
[WhiteElo "1933"]
[BlackElo "2275"]
[Annotator "RC"]
[PlyCount "74"]
[EventDate "2024.04.20"]
[EventType "swiss"]
[EventCountry "USA"]
[SourceTitle "playchess.com"]
[Source "ChessBase"]
[SourceQuality "1"]
[TimeControl "5400+30"]

1. e4 c5 2. Nf3 e6 3. d3 Nc6 4. g3 g6 5. Bg2 Bg7 6. O-O Nge7 7. c3 e5 8. Nbd2 O-O 9. Re1 f5 10. exf5 gxf5 11. Nf1 d5 12. Bg5 Qd6 13. Bxe7 Nxe7 14. Qe2 Ng6 15. Rad1 Bd7 16. h4 Rae8 17. h5 Nh8 18. N1h2 Nf7 19. Nd2 b5 20. g4 Ng5 21. Ndf3 Ne6 22. Nh4 Nf4 23. Qf3 e4 24. dxe4 fxe4 25. Qe3 d4 26. cxd4 Bxd4 27. Qb3+ Be6 28. Qc2 Nd3 29. Rxe4 Nxf2 30. Rexd4 cxd4 31. Rf1 Nxg4 32. Nxg4 Bxg4 33. Nf5 Bxf5 34. Rxf5 Rxf5 35. Qxf5 Qe5 36. Qd7 Qe3+ 37. Kh2 Qf4+ 0-1

[Event "Marshall CC U2400 October 2024"]
[Site "New York"]
[Date "2024.10.19"]
[Round "2.2"]
[White "Paragua, Megan Althea"]
[Black "Baranwal, Suvan"]
[Result "1-0"]
[ECO "B30"]
[WhiteElo "2190"]
[BlackElo "1794"]
[Annotator "RC"]
[PlyCount "95"]
[EventDate "2024.04.20"]
[EventType "swiss"]
[EventCountry "USA"]
[SourceTitle "playchess.com"]
[Source "ChessBase"]
[SourceQuality "1"]
[TimeControl "5400+30"]

1. e4 c5 2. Nf3 e6 3. Nc3 Nc6 4. Bb5 Nge7 5. O-O a6 6. Bxc6 Nxc6 7. d4 cxd4 8. Nxd4 Qc7 9. Re1 Be7 10. Nxc6 bxc6 11. e5 O-O 12. Bf4 f5 13. Qd2 Qd8 14. Na4 Rb8 15. b3 g5 16. Be3 Rb5 17. f4 d6 18. c4 Rb7 19. exd6 Bxd6 20. Red1 Rd7 21. Nb6 Bb4 22. Qe2 Rxd1+ 23. Rxd1 Qc7 24. Nxc8 Rxc8 25. Bd4 Rd8 26. Qxe6+ Qf7 27. Qe5 Qf8 28. Qh8+ Kf7 29. Qxh7+ Ke8 30. Qh5+ Qf7 31. Qh8+ Qf8 32. Qxf8+ Bxf8 33. Re1+ Kf7 34. Bb6 Rd2 35. fxg5 Rxa2 36. h4 Kg6 37. Kh2 Rb2 38. Re3 Kh5 39. Kh3 Bd6 40. g3 Bf8 41. Rf3 Bd6 42. Rxf5 Rxb3 43. Bf2 Be7 44. Rf7 Bd8 45. Rd7 Rf3 46. Be1 Rf8 47. Rd6 Rh8 48. g4# 1-0

[Event "Marshall CC U2400 October 2024"]
[Site "New York"]
[Date "2024.10.19"]
[Round "2.3"]
[White "DeGeest, Rocco Jan"]
[Black "Das, Aditeya"]
[Result "0-1"]
[ECO "B97"]
[WhiteElo "1842"]
[BlackElo "1961"]
[Annotator "RC"]
[PlyCount "82"]
[EventDate "2024.04.20"]
[EventType "swiss"]
[EventCountry "USA"]
[SourceTitle "playchess.com"]
[Source "ChessBase"]
[SourceQuality "1"]
[TimeControl "5400+30"]

1. e4 c5 2. Nf3 d6 3. d4 cxd4 4. Nxd4 Nf6 5. Nc3 a6 6. Bg5 e6 7. f4 Qb6 8. Qd2 Qxb2 9. Rb1 Qa3 10. Be2 Be7 11. Rb3 Qa5 12. O-O h6 13. Bh4 Nxe4 14. Nxe4 Qxd2 15. Nxd2 Bxh4 16. Nc4 Bf6 17. Rd1 Ke7 18. Bf3 d5 19. Nb6 Ra7 20. c4 dxc4 21. Rb4 Rd8 22. Rxc4 Bd7 23. Rc7 Ke8 24. Nb3 Bc6 25. Rc8 Bxf3 26. gxf3 Nc6 27. Kf1 a5 28. Rcxd8+ Nxd8 29. Nc8 Ra8 30. Nd6+ Ke7 31. Nb5 a4 32. Nc5 Ra5 33. Rd7+ Kf8 34. Nxb7 Rxb5 35. Nxd8 Ke8 36. Rb7 Rb2 37. Nxf7 Rxb7 38. Nd6+ Kd7 39. Nxb7 Kc6 40. Na5+ Kb5 41. Nb7 Be7 0-1

[Event "Marshall CC U2400 October 2024"]
[Site "New York"]
[Date "2024.10.19"]
[Round "2.4"]
[White "Knowles, Chase"]
[Black "Yu, Dylan Fountain"]
[Result "1/2-1/2"]
[ECO "A11"]
[WhiteElo "1966"]
[BlackElo "1841"]
[Annotator "RC"]
[PlyCount "82"]
[EventDate "2024.04.20"]
[EventType "swiss"]
[EventCountry "USA"]
[SourceTitle "playchess.com"]
[Source "ChessBase"]
[SourceQuality "1"]
[TimeControl "5400+30"]

1. Nf3 d5 2. c4 e6 3. e3 Nf6 4. Nc3 c6 5. b3 Nbd7 6. Qc2 e5 7. cxd5 Nxd5 8. Nxd5 cxd5 9. Bb2 f6 10. Qf5 Nc5 11. Qc2 Bd7 12. Rc1 Rc8 13. Qb1 Bd6 14. Be2 O-O 15. O-O e4 16. Nd4 f5 17. f4 exf3 18. Nxf3 f4 19. b4 Ne4 20. Qd3 Be6 21. Nd4 Rxc1 22. Bxc1 fxe3 23. Qxe3 Rxf1+ 24. Bxf1 Bf7 25. Bb2 Bxb4 26. d3 Nf6 27. Nf5 Bg6 28. Nh4 Qe7 29. Qg3 Bd6 30. Qf3 Be5 31. Nxg6 hxg6 32. d4 Bd6 33. g3 Qe1 34. Qe2 Qxe2 35. Bxe2 Kf7 36. Bd3 Bc7 37. Kg2 Bb6 38. Kf3 g5 39. Bf5 Ne8 40. Kg4 Kf6 41. Bc2 Nd6 1/2-1/2

[Event "Marshall CC U2400 October 2024"]
[Site "New York"]
[Date "2024.10.19"]
[Round "2.5"]
[White "Sukhiashvili, Alexander"]
[Black "Gutnik, Aleksandr"]
[Result "1-0"]
[ECO "C10"]
[WhiteElo "1812"]
[BlackElo "1944"]
[Annotator "RC"]
[PlyCount "55"]
[EventDate "2024.04.20"]
[EventType "swiss"]
[EventCountry "USA"]
[SourceTitle "playchess.com"]
[Source "ChessBase"]
[SourceQuality "1"]
[TimeControl "5400+30"]

1. e4 e6 2. d4 d5 3. Nc3 dxe4 4. Nxe4 Nf6 5. Bd3 Nxe4 6. Bxe4 c5 7. Nf3 f5 8. Bd3 Nc6 9. dxc5 Bxc5 10. O-O O-O 11. Re1 Qb6 12. Re2 Kh8 13. Qe1 Bd7 14. c3 a5 15. Bc4 Rae8 16. Bf4 Nd8 17. Ne5 Bc8 18. Rd1 Nc6 19. Nd3 e5 20. Bxe5 Nxe5 21. Nxe5 Re7 22. Nf7+ Rexf7 23. Bxf7 Qf6 24. Be6 Bxe6 25. Rxe6 Qf7 26. Rd5 b6 27. b4 axb4 28. cxb4 1-0

[Event "Marshall CC U2400 October 2024"]
[Site "New York"]
[Date "2024.10.19"]
[Round "2.6"]
[White "Bonin, Jay"]
[Black "Gerson, Elijah B"]
[Result "1-0"]
[ECO "D11"]
[WhiteElo "2131"]
[BlackElo "1747"]
[Annotator "RC"]
[PlyCount "77"]
[EventDate "2024.04.20"]
[EventType "swiss"]
[EventCountry "USA"]
[SourceTitle "playchess.com"]
[Source "ChessBase"]
[SourceQuality "1"]
[TimeControl "5400+30"]

1. d4 d5 2. Nf3 Nf6 3. c4 c6 4. Qb3 e6 5. Nbd2 Bd6 6. g3 Nbd7 7. Bg2 O-O 8. O-O Re8 9. e4 Nxe4 10. Nxe4 dxe4 11. Ng5 Nf6 12. Rd1 h6 13. Nxe4 Nxe4 14. Bxe4 Qf6 15. Be3 a5 16. a3 e5 17. d5 c5 18. Qb5 Qe7 19. Bxc5 Bxc5 20. d6 Bxf2+ 21. Kxf2 Qf6+ 22. Kg1 Be6 23. c5 Qg5 24. Qd3 Rab8 25. b4 f5 26. Bd5 e4 27. Bxe6+ Rxe6 28. Qb3 Kh7 29. Rf1 Qf6 30. Qd5 Qe5 31. Rad1 Qxd5 32. Rxd5 g6 33. b5 Rc8 34. Rc1 e3 35. Kf1 f4 36. gxf4 Rf8 37. f5 gxf5 38. d7 Rd8 39. c6 1-0

[Event "Marshall CC U2400 October 2024"]
[Site "New York"]
[Date "2024.10.19"]
[Round "2.7"]
[White "Zhang, Andrew"]
[Black "Schaefer, Sasha Milo"]
[Result "0-1"]
[ECO "B13"]
[WhiteElo "1943"]
[BlackElo "1850"]
[Annotator "RC"]
[PlyCount "58"]
[EventDate "2024.04.20"]
[EventType "swiss"]
[EventCountry "USA"]
[SourceTitle "playchess.com"]
[Source "ChessBase"]
[SourceQuality "1"]
[TimeControl "5400+30"]

1. e4 c6 2. d4 d5 3. exd5 cxd5 4. Bd3 Nc6 5. c3 Nf6 6. h3 e5 7. dxe5 Nxe5 8. Qe2 Ne4 9. Bb5+ Bd7 10. Bxd7+ Qxd7 11. Nf3 Nc6 12. O-O O-O-O 13. Be3 Bd6 14. Nbd2 Rhe8 15. Nxe4 dxe4 16. Nd4 Ne5 17. f3 f5 18. fxe4 fxe4 19. a4 Nd3 20. Nb5 a6 21. Na3 Qe6 22. b4 Qe5 23. Qg4+ Kb8 24. g3 Qxc3 25. Qe2 Bxg3 26. b5 Nf4 27. Bxf4+ Bxf4 28. bxa6 Rd2 29. a7+ Ka8 0-1

[Event "Marshall CC U2400 October 2024"]
[Site "New York"]
[Date "2024.10.19"]
[Round "2.8"]
[White "Goodrich, Elliott"]
[Black "Raitzin, Misha"]
[Result "1/2-1/2"]
[ECO "C54"]
[WhiteElo "1851"]
[BlackElo "1784"]
[Annotator "NA RC"]
[PlyCount "39"]
[EventDate "2024.04.20"]
[EventType "swiss"]
[EventCountry "USA"]
[SourceTitle "playchess.com"]
[Source "ChessBase"]
[SourceQuality "1"]
[TimeControl "5400+30"]

1. e4 e5 2. Nf3 Nc6 3. Bc4 Bc5 4. c3 Nf6 5. d4 exd4 6. e5 d5 7. Bb5 Ne4 8. cxd4 Bb6 9. Nc3 O-O 10. Be3 {[%emt 0:00:06] C54: Giuoco Piano: 4 c3 Nf6, main lines with 5 d4 and 5 d3.} Bg4 11. h3 Bh5 12. Qc2 Ba5 13. O-O Bxf3 14. gxf3 Nxd4 15. Bxd4 Qg5+ 16. Kh1 Bxc3 $1 17. bxc3 Qf5 18. Kg2 Qg5+ 19. Kh1 Qf5 $11 20. fxe4 1/2-1/2

[Event "Marshall CC U2400 October 2024"]
[Site "New York"]
[Date "2024.10.19"]
[Round "2.9"]
[White "Rajendran, Ishaan"]
[Black "Miller, Rachel"]
[Result "0-1"]
[ECO "D00"]
[WhiteElo "1773"]
[BlackElo "1914"]
[Annotator "RC"]
[PlyCount "126"]
[EventDate "2024.04.20"]
[EventType "swiss"]
[EventCountry "USA"]
[SourceTitle "playchess.com"]
[Source "ChessBase"]
[SourceQuality "1"]
[TimeControl "5400+30"]

1. d4 d5 2. Bf4 c5 3. Nc3 Nc6 4. e4 cxd4 5. exd5 dxc3 6. dxc6 Qxd1+ 7. Rxd1 bxc6 8. Bc7 Bb7 9. bxc3 Nf6 10. Nf3 Nd7 11. Bc4 e6 12. O-O Nb6 13. Be2 Be7 14. Rb1 Bc5 15. Ne5 Rc8 16. Bxb6 axb6 17. Nd3 Ba6 18. Nxc5 Bxe2 19. Rfe1 bxc5 20. Rxe2 Kd7 21. Re4 Rb8 22. Rd1+ Ke7 23. Rc4 Rhd8 24. Ra1 Rb2 25. Rxc5 Rxa2 26. Rb1 Rb2 27. Ra1 Ra8 28. Rd1 Ra6 29. g3 Rxc2 30. Rd4 Raa2 31. Rf4 Ra6 32. Rf3 f6 33. Rc4 e5 34. Rb4 Ra7 35. Rc4 Kd6 36. Rd3+ Kc7 37. Rf3 h6 38. Rd3 Raa2 39. Rf3 Kb6 40. Rg4 Ra7 41. h4 c5 42. h5 Kb5 43. Kg2 c4 44. Re4 Rd7 45. Ree3 Ka4 46. Kf1 Rd1+ 47. Re1 Rxe1+ 48. Kxe1 Kb3 49. Re3 Rxc3 50. Re4 Rd3 51. f4 c3 52. Ke2 Rd5 53. Re3 exf4 54. gxf4 Kb2 55. Re7 Rb5 56. Kd3 c2 57. Re2 Rd5+ 58. Kc4 Rxh5 59. Kd3 Rh3+ 60. Ke4 Kb1 61. Rxc2 Kxc2 62. Kf5 Rg3 63. Ke6 h5 0-1

[Event "Marshall CC U2400 October 2024"]
[Site "New York"]
[Date "2024.10.19"]
[Round "2.10"]
[White "Wang, Connor Junda"]
[Black "Sen, Samant Robert"]
[Result "1-0"]
[ECO "C41"]
[WhiteElo "1851"]
[BlackElo "1739"]
[Annotator "NA RC"]
[PlyCount "55"]
[EventDate "2024.04.20"]
[EventType "swiss"]
[EventCountry "USA"]
[SourceTitle "playchess.com"]
[Source "ChessBase"]
[SourceQuality "1"]
[TimeControl "5400+30"]

1. e4 d6 2. d4 Nf6 3. Nc3 Nbd7 4. Nf3 e5 5. Bc4 Be7 6. h3 c6 7. a4 h6 8. Be3 Qc7 9. Qe2 Nxe4 10. Bxf7+ Kxf7 11. Nxe4 Nf6 ({Vorzuziehen ist} 11... d5 $15 12. Nc5 Bxc5 13. dxc5 Rf8) 12. Nxf6 Bxf6 13. O-O Bf5 14. Rad1 Rhe8 15. dxe5 dxe5 16. Nh4 Bxh4 17. Qh5+ Bg6 18. Qxh4 Qe7 19. Qc4+ Qe6 20. Qb4 Bxc2 21. Rd6 Qb3 22. Rd7+ Kg8 23. Qg4 g6 24. Bxh6 Qxa4 25. Rg7+ Kf8 26. Qd7 Bb3 27. Qd6+ Re7 28. Qxe7# 1-0